 Dungeon Crawl Stone Soup version 0.30-a0-622-gddc90eaa04 (webtiles) character file.

Game seed: 6621501209981715714

864 kae the Changer (level 7, -2/57 HPs)
             Began as a Demonspawn Transmuter on Jan 10, 2023.
             Slain by a human zombie (4 damage)
             ... in an ossuary.
             The game lasted 00:05:19 (4269 turns).

kae the Changer (Demonspawn Transmuter)             Turns: 4269, Time: 00:05:20

Health: -2/57      AC:  6    Str: 11    XL:     7   Next: 72%
Magic:  2/13       EV: 10    Int: 16    God:
Gold:   288        SH:  0    Dex: 13    Spells: 4/14 levels left

rFire   x . .      SeeInvis +      - Unarmed
rCold   + + +      Faith    .    (shield currently unavailable)
rNeg    . . .      Spirit   .    (body armour currently unavailable)
rPois   +          Reflect  .    (helmet currently unavailable)
rElec   .          Harm     .    (cloak currently unavailable)
rCorr   .          Rampage  .    (gloves currently unavailable)
Will    .....                    (boots currently unavailable)
Stlth   +                        (no amulet)
HPRegen 0.29/turn                C - ring of protection from cold
MPRegen 0.13/turn                v - ring of see invisible

@: ice-form, marked, wereblooded, very slightly contaminated
A: freezing attack, amphibious, boosted hp, large, powered by death 1, (sharp
scales 2)
a: End Transformation


You were in an ossuary.
You were a creature of crystalline ice.
You visited 1 branch of the dungeon, and saw 5 of its levels.
You also visited: Sewer and Ossuary.

You collected 288 gold pieces.


Innate Abilities, Weirdness & Mutations

You are a creature of crystalline ice.
You have a powerful freezing melee attack.
You are amphibious.
Your maximum health is increased.
Your armour is entirely melded.
You are incapable of wielding weapons or throwing items.
You regenerate a little health from kills.
((You are mostly covered in razor-sharp scales. (AC +2, Slay +2)))


   Skills:
 - Level 1.0 Fighting
 - Level 1.7 Dodging
 + Level 4.4 Unarmed Combat
 + Level 4.0 Spellcasting
 * Level 5.4 Transmutations
 * Level 2.7 Ice Magic
 - Level 1.5 Poison Magic


You had 4 spell levels left.
You knew the following spells:

 Your Spells              Type           Power      Damage    Failure   Level
a - Beastly Appendage     Tmut           40%        N/A       1%          1
b - Wereblood             Tmut           20%        N/A       2%          2
c - Spider Form           Tmut/Pois      14%        N/A       12%         3
d - Ice Form              Ice/Tmut       16%        N/A       30%         4

Your spell library contained the following spells:

 Spells                   Type           Power      Damage    Failure   Level
 Inner Flame              Hex/Fire       3%         N/A       45%         3
 Cause Fear               Hex            1%         N/A       86%         4
 Discord                  Hex            1%         N/A       100%        8

Inventory:

Missiles
 b - 2 poisoned darts
 c - 34 stones
 j - 4 atropa-tipped darts
 n - 9 boomerangs
Armour
 a - a +1 robe (melded)
Jewellery
 v - a ring of see invisible (right front paw)
   (You found it in a sewer)
 C - a ring of protection from cold (left front paw)
   (You found it on level 1 of the Dungeon)
 I - a +6 ring of intelligence
   (You found it on level 3 of the Dungeon)
Scrolls
 e - 2 scrolls of teleportation {@r4}
 h - 2 scrolls of fear
 m - 2 scrolls of immolation {!r!r}
 r - a scroll of vulnerability {!r!r}
Potions
 d - a potion of flight {unknown}
 f - a potion of mutation {!q}
 i - a potion of might
 l - a potion of haste {@q3}
 o - a potion of invisibility
 p - a potion of cancellation
 q - a potion of degeneration {!q}

Dungeon Overview and Level Annotations

Branches:
Dungeon (5/15) Zot: 26255  Temple (0/1) D:5           Sewer (visited)
Ossuary (1/1) Zot: 5813

Altars:
Ashenzari
Uskayaw
Vehumet

Shops:
D:4 (

Annotations:
D:2 Sigmund

#...# #...# #...#
....# #...# #...#
....## #...# #...#
.Z.Z #...# #...# #MZ#
#...# #...# #..# #...#
#...# #.Z# #...#
#...######ZZ######...#
#......Y.MMZ.........#
#......ZZ8Z.8........#
#.......ZZ...........#
#....................#
######################


You could see 2 mummies, an adder zombie, a rat zombie, a goblin zombie, 2
hobgoblin zombies, 2 elf zombies and a human zombie.


Message History

😕 HP[+4]
You regained 4 hp, and now have 39/48 hp.
You punch the elf zombie! The adder zombie closely misses you.
The human zombie hits you.
You closely miss the elf zombie. You punch the elf zombie.
The adder zombie closely misses you. The elf zombie barely misses you.
A mummy comes into view. 😮 HP[-3]
You take 3 damage, and now have 36/48 hp.
You completely miss the elf zombie. The adder zombie bites you.
The human zombie barely misses you.
The elf zombie hits you but does no damage.
Unknown command.
You punch the elf zombie! The adder zombie barely misses you.
The human zombie hits you.
A hobgoblin zombie comes into view.
The elf zombie barely misses you. 😮 HP[-3]
You take 3 damage, and now have 33/48 hp.
Casting: Wereblood (safe; 2% risk of failure)
Confirm with . or Enter, or press ? or * to list all spells.
Your blood is infused with primal strength.
The adder zombie closely misses you. The human zombie hits you.
The adder zombie misses you. The elf zombie hits you.
A hobgoblin zombie comes into view. 😮 HP[-8] MP[-1]
You take 8 damage, and now have 25/48 hp.
You lost 1 mp, and now have 9/13 mp.
You punch the elf zombie! The human zombie hits you.
* * * LOW HITPOINT WARNING * * *
The elf zombie hits you.
* * * LOW HITPOINT WARNING * * *
Unknown command. 😨 HP[-6]
You take 6 damage, and now have 19/48 hp.
You punch the elf zombie! The human zombie hits you.
* * * LOW HITPOINT WARNING * * *
The elf zombie hits you.
* * * LOW HITPOINT WARNING * * *
😨 HP[-3]
You take 3 damage, and now have 16/48 hp.
Unknown command.
You hit the elf zombie. The human zombie barely misses you.
The mummy misses you.
Unknown command.
You barely miss the elf zombie.
The elf zombie hits you but does no damage. 😨 HP[+1]
You feel much better. The human zombie barely misses you.
The elf zombie closely misses you. The mummy hits you. 😮 HP[+12]
You regained 12 hp, and now have 29/48 hp.
Casting: Wereblood (safe; 2% risk of failure)
Confirm with . or Enter, or press ? or * to list all spells.
You don't know that spell.
Casting: Wereblood (safe; 2% risk of failure)
Confirm with . or Enter, or press ? or * to list all spells.
The spell is quite dangerous to miscast (30% risk of failure)!
Continue anyway? [Y]es or [N]o only, please.
The spell is quite dangerous to miscast (30% risk of failure)!
Continue anyway?
You miscast Ice Form.
You are very lightly contaminated with residual magic.
Nothing appears to happen.
The human zombie barely misses you.
The elf zombie hits you but does no damage. 😮 MP[-4]
You lost 4 mp, and now have 5/13 mp.
Unknown command.
Casting: Ice Form (quite dangerous; 30% risk of failure)
Confirm with . or Enter, or press ? or * to list all spells.
The spell is quite dangerous to miscast (30% risk of failure)!
Continue anyway? [Y]es or [N]o only, please.
The spell is quite dangerous to miscast (30% risk of failure)!
Continue anyway?
You turn into a creature of crystalline ice.
Your +1 robe melds into your body.
The mummy hits you.
The human zombie misses you. 😮 HP[+4] MP[-4]
You now have 57 max hp (+9).
You regained 4 hp, and now have 33/57 hp.
You lost 4 mp, and now have 1/13 mp.
Unknown command.
You punch the mummy! You freeze the mummy. The elf zombie barely misses you.
The human zombie barely misses you. The mummy hits you!
* * * LOW HITPOINT WARNING * * *
😨 HP[-14] MP[+1]
You take 14 damage, and now have 19/57 hp.
MASSIVE DAMAGE!! (PAUSE)
You hit the mummy but do no damage.
The elf zombie hits you but does no damage. 😨 HP[+1] Unknown command.
You barely miss the mummy. The human zombie barely misses you.
The mummy hits you!
* * * LOW HITPOINT WARNING * * *
The elf zombie hits you.
* * * LOW HITPOINT WARNING * * *
😱 HP[-18]
You take 18 damage, and now have 2/57 hp.
MASSIVE DAMAGE!! (PAUSE)
The human zombie hits you.
You die...

Skill      XL: |  1  2  3  4  5  6  7 |
---------------+----------------------+-----
Transmutations | 2 3 4 5 |  5.4
Unarmed Combat | 3 4 |  4.4
Poison Magic   | 1 |  1.5
Spellcasting   | 3 4 |  4.0
Ice Magic      | 1 2 |  2.7
Fighting       | |  1.0
Dodging        | |  1.7

Action                   |  1- 3 |  4- 6 |  7- 9 || total
-------------------------+-------+-------+-------++-------
Melee: Unarmed           |    92 |   151 |   140 ||   383
       Headbutt          |     8 |     6 |       ||    14
       Kick              |    10 |     6 |       ||    16
       Punch             |     3 |     2 |     2 ||     7
 Cast: Beastly Appendage |    17 |    10 |       ||    27
       Wereblood         |     1 |     4 |     2 ||     7
       Spider Form       |       |    10 |     6 ||    16
       Ice Form          |       |     1 |     2 ||     3
  Use: Potion            |     1 |     3 |     1 ||     5
       Scroll            |       |    10 |     4 ||    14
 Stab: Sleeping          |     1 |     1 |       ||     2
       Invisible         |       |     4 |       ||     4
Armor: Robe              |    18 |    17 |    35 ||    70
       Skin              |    12 |    22 |     6 ||    40
Dodge: Dodged            |    81 |   167 |    92 ||   340

Levels and vault maps discovered:
D:1:      dpeg_arrival_fog, layout_loops_corners, st_stairs_1,
          nrook_loot_triangle, minivault_14
D:2:      layout_loops_ring, dreamdust_ecumenical_altar_drowned_temple,
          uniq_sigmund
D:3:      kennysheep_big_flooded_room, layout_rooms,
          nicolae_vehumet_altar_sigil, portal_sewer_entry_c,
          minmay_ogre_servants
D:4:      minmay_wonky_spiral, layout_loops_cross, mainiacjoe_overflow_24_doors,
          nicolae_ashenzari_panopticon, serial_shops, shop_fountains
D:5:      layout_loops_corners, zin_scriptorium, minmay_temple_entry_crystal_x,
          nicolae_ossuary_entry_false_entrances, nicolae_grassy_gnolls
Ossuary:  ossuary_tomb_1

Notes
Turn   | Place    | Note
-------+----------+-------------------------------------------
     0 | D:1      | kae the Demonspawn Transmuter began the quest for the Orb.
     0 | D:1      | Reached XP level 1. HP: 15/15 MP: 3/3
     0 | D:1      | magus.rc [v1.11.3]
    61 | D:1      | Reached skill level 2 in Transmutations
   208 | D:1      | Gained mutation: You regenerate a little health from kills.
                  | [demonic ancestry]
   208 | D:1      | Reached XP level 2. HP: 21/21 MP: 3/5
   554 | D:1      | Reached skill level 3 in Unarmed Combat
   773 | D:1      | Gained mutation: You are partially covered in razor-sharp
                  | scales. (AC +1, Slay +1) [demonic ancestry]
   773 | D:1      | Reached XP level 3. HP: 26/26 MP: 4/6
   776 | D:1      | Learned a level 2 spell: Wereblood
   780 | D:1      | Learned a level 3 spell: Spider Form
  1172 | D:2      | HP: 8/39 [orc priest/divine providence (11)]
  1174 | D:2      | Reached skill level 3 in Transmutations
  1174 | D:2      | Reached skill level 1 in Poison Magic
  1174 | D:2      | Reached XP level 4. HP: 11/32 MP: 4/7
  1181 | D:2      | Gained mutation: You are mostly covered in razor-sharp
                  | scales. (AC +2, Slay +2) [demonic ancestry]
  1181 | D:2      | Reached XP level 5. HP: 31/37 MP: 5/9
  1277 | D:2      | Noticed Sigmund
  1345 | D:2      | Found a faded altar of an unknown god.
  1814 | D:2      | HP: 7/37 [orc/+0 mace (3)]
  1815 | D:2      | HP: 1/37 [orc/+0 mace (6)]
  1843 | D:3      | Reached skill level 3 in Spellcasting
  1863 | D:3      | Found a radiant altar of Vehumet.
  1870 | D:3      | You pick up a book of Changes and begin reading...
  1877 | D:3      | Found a glowing drain.
  1889 | D:3      | Reached skill level 4 in Transmutations
  1911 | Sewer    | Entered a sewer
  1997 | Sewer    | Noticed a water moccasin
  2011 | Sewer    | HP: 6/37 [water moccasin (7)]
  2014 | Sewer    | Killed a water moccasin
  2015 | Sewer    | Reached XP level 6. HP: 4/43 MP: 6/11
  2017 | Sewer    | HP: 2/43 [poisoned by a water moccasin]
  2208 | Sewer    | Learned a level 4 spell: Ice Form
  2471 | D:3      | Reached skill level 4 in Unarmed Combat
  2471 | D:3      | Reached skill level 1 in Ice Magic
  2729 | D:3      | You pick up a book of Hexes and begin reading...
  2729 | D:3      | You add the spells Inner Flame, Cause Fear and Discord to
                  | your library.
  2997 | D:4      | Found Nuownacw's Antique Weapon Boutique.
  3104 | D:4      | Reached XP level 7. HP: 37/48 MP: 9/12
  3266 | D:4      | Found a hide-covered altar of Uskayaw.
  3407 | D:4      | Reached skill level 5 in Transmutations
  3693 | D:4      | Found a broken altar of Ashenzari.
  3899 | D:5      | Entered Level 5 of the Dungeon
  3997 | D:5      | Reached skill level 2 in Ice Magic
  4070 | D:5      | Found a sand-covered staircase.
  4076 | Ossuary  | Entered an ossuary
  4252 | Ossuary  | Reached skill level 4 in Spellcasting
  4268 | Ossuary  | HP: 6/57 [mummy (14)]
  4268 | Ossuary  | HP: 2/57 [elf zombie (4)]
  4269 | Ossuary  | Slain by a human zombie

Vanquished Creatures
  A water moccasin (Sewer)
  An ogre (D:3)
  A phantom (D:5)
  An elf zombie (Ossuary)
  A scorpion (D:5)
  3 hounds (D:4)
  2 orc priests (D:2)
  2 iguanas
  2 orc wizards
  5 adders
  4 gnolls (D:3)
  A river rat (D:3)
  An adder zombie (Ossuary)
  3 dart slugs
  10 orcs
  6 ball pythons
  7 endoplasms
  2 giant cockroaches
  17 goblins
  4 hobgoblins
  4 jackals
  5 kobolds
  4 quokkas
  7 bats
  3 frilled lizards
  A goblin zombie (Ossuary)
  7 hobgoblin zombies (Ossuary)
  A jackal zombie (Ossuary)
  6 kobold zombies (Ossuary)
  8 orc zombies (Ossuary)
  7 rats
  A spectral goblin (D:2)
128 creatures vanquished.

Vanquished Creatures (others)
  16 plants (D:5)
16 creatures vanquished.

Grand Total: 144 creatures vanquished

Table legend:
 A = Non-vault XP
 B = Vault XP
 C = Vault XP percentage of total XP
 D = Non-vault monster count
 E = Vault monster count
 F = Vault count percentage of total count
                 A         B        C        D         E       F
            +---------+---------+-------+---------+---------+-------
      Total |     771 |     464 |  37.6 |      77 |      51 |  39.8
            +---------+---------+-------+---------+---------+-------
        D:1 |      39 |       2 |   4.9 |      20 |       2 |   9.1
        D:2 |     192 |       1 |   0.5 |      23 |       1 |   4.2
        D:3 |     126 |     164 |  56.6 |      20 |      17 |  45.9
        D:4 |     181 |      19 |   9.5 |      11 |       3 |  21.4
        D:5 |     233 |       0 |   0.0 |       3 |       0 |   0.0
      Sewer |       0 |     163 | 100.0 |       0 |       3 | 100.0
    Ossuary |       0 |     115 | 100.0 |       0 |      25 | 100.0
            +---------+---------+-------+---------+---------+-------

Illustrated notes

Table legend:
 A = Kills in this place as a percentage of kills in entire the game.
 B = Kills by you in this place as a percentage of kills by you in the entire game.
 C = Kills by friends in this place as a percentage of kills by friends in the entire game.
 D = Other kills in this place as a percentage of other kills in the entire game.
 E = Experience gained in this place as a percentage of experience gained in the entire game.
 F = Experience gained in this place divided by the number of levels of this place that you have seen.
                   A       B       C       D       E      F
               +-------+-------+-------+-------+-------+----------------------
         Total | 100.0 | 100.0 |   N/A |   N/A | 100.0 | 176.4
       Dungeon |  78.1 |  78.1 |   N/A |   N/A |  77.5 | 191.4
         Sewer |   2.3 |   2.3 |   N/A |   N/A |  13.2 | 163.0
       Ossuary |  19.5 |  19.5 |   N/A |   N/A |   9.3 | 115.0
               +-------+-------+-------+-------+-------+----------------------

Table legend: (Time is in decaauts)
 A = Elapsed time spent in this place.
 B = Non-inter-level travel time spent in this place.
 C = Inter-level travel time spent in this place.
 D = Time resting spent in this place.
 E = Time spent auto-exploring this place.
 F = Levels seen in this place.
 G = Mean time per level.
                   A        B        C        D        E       F      G
               +--------+--------+--------+--------+--------+-----+--------+
         Total |   4248 |   4036 |    212 |    121 |   3055 |   7 |  606.9 |
       Dungeon |   3745 |   3533 |    212 |    102 |   2761 |   5 |  749.0 |
         Sewer |    317 |    317 |      0 |      5 |    246 |   1 |  317.0 |
       Ossuary |    186 |    186 |      0 |     14 |     47 |   1 |  186.0 |
               +--------+--------+--------+--------+--------+-----+--------+

Top non-repeatable levels by time:
     D:4: 1016 daAuts
     D:1: 941 daAuts
     D:2: 870 daAuts
     D:3: 740 daAuts
   Sewer: 317 daAuts
 Ossuary: 186 daAuts
     D:5: 175 daAuts
